 Dungeon Crawl Stone Soup version 0.24-a0-235-g3f03afcf10 (webtiles) character file.

Game seed: 15263766419080777341

2284 HAL9000 the Carver (level 9, 0/70 HPs)
             Began as a Minotaur Fighter on Apr 5, 2019.
             Succumbed to a hornet's poison
             ... on level 8 of the Dungeon.
             The game lasted 00:12:05 (6032 turns).

HAL9000 the Carver (Minotaur Fighter)               Turns: 6032, Time: 00:12:06

Health: 0/70       AC: 14    Str: 23    XL:     9   Next: 17%
Magic:  17/17      EV:  8    Int:  5    God:
Gold:   520        SH: 11    Dex: 11    Spells: 8/8 levels left

rFire    x . .     SeeInvis .   a - +1 long sword
rCold    + . .     Gourm    .   c - +0 shield
rNeg     . . .     Faith    .   b - +0 scale mail
rPois    .         Spirit   .   (helmet restricted)
rElec    .         Reflect  .   E - +1 cloak
rCorr    .         Harm     .   r - +1 pair of gloves
MR       .....     Clarity  +   A - +0 pair of boots
Stlth    ..........             (no amulet)
HPRegen  0.21/turn              k - ring of ice
MPRegen  0.15/turn              o - ring of magical power

@: lethally poisoned (0 -> -12), slowed, very slow
A: retaliatory headbutt, horns 2, iridescent scales 1, clarity, sense
surroundings 1
a: no special abilities


You were on level 8 of the Dungeon.
You were very hungry.

You visited 1 branch of the dungeon, and saw 8 of its levels.

You collected 520 gold pieces.

Inventory:

Hand Weapons
 a - a +1 long sword (weapon)
Armour
 b - a +0 scale mail (worn)
 c - a +0 shield (worn)
 r - a +1 pair of gloves (worn)
 A - a +0 pair of boots (worn)
 E - a +1 cloak (worn)
Jewellery
 k - a ring of ice (left hand)
 l - an uncursed ring of ice
 o - a ring of magical power (right hand)
Wands
 v - a wand of enslavement (6)
Scrolls
 g - 3 scrolls of random uselessness
 h - 4 scrolls of enchant weapon
 i - 3 scrolls of remove curse
 j - 2 scrolls of identify
 n - a scroll of immolation {unknown}
 s - a scroll of enchant armour {unknown}
 t - 2 scrolls of teleportation {unknown}
 u - a scroll of fear {unknown}
 x - a scroll of magic mapping {unknown}
 y - 3 scrolls of noise {unknown}
 D - a scroll of acquirement {unknown}
Potions
 d - 2 potions of might
 e - 3 potions of flight
 m - 2 potions of brilliance
 q - a potion of curing {unknown}
 w - a potion of resistance
 z - a potion of magic
 B - a potion of berserk rage
 C - a potion of lignification {unknown}
 F - 3 potions of agility {unknown}
Comestibles
 f - 8 rations


   Skills:
 - Level 3.6 Fighting
 * Level 12.0 Long Blades
 - Level 3.6 Armour
 + Level 9.0 Shields


You had 8 spell levels left.
You didn't know any spells.
Your spell library contained the following spells:

 Spells                   Type           Power        Failure   Level  Hunger
 Flame Tongue             Conj/Fire      #....        96%         1    ##.....
 Throw Flame              Conj/Fire      #.....       99%         2    ###....
 Conjure Flame            Conj/Fire      #.......     100%        3    ####...
 Inner Flame              Hex/Fire       #.......     100%        3    ####...
 Sticky Flame             Conj/Fire      #.......     100%        4    #####..
 Fireball                 Conj/Fire      #.........   100%        5    ######.


Dungeon Overview and Level Annotations

Branches:
Dungeon (8/15)             Temple (0/1) D:7
   Lair: D:8-11

Altars:
Fedhas
Ru

Annotations:
D:4 1 runed translucent door, qqmash's ghost, amateur MiBe


Innate Abilities, Weirdness & Mutations

You reflexively headbutt those who attack you in melee.
You have a pair of horns on your head.
You are partially covered in iridescent scales. (AC +2)
You possess an exceptional clarity of mind.
You passively map a small area around you.


Message History

* * * LOW HITPOINT WARNING * * *
You feel sick.
The hornet stings you but does no damage.
The shadow imp hits you but does no damage.
You block the worker ant's attack. The orc barely misses you.
The hornet stings you but does no damage.
The shadow imp barely misses you.
You riposte.
You slash the shadow imp!
You kill the shadow imp!
You hit the hornet.
You kill the hornet!
Your Long Blades skill increases to level 12!
Your Shields skill increases to level 9!
* * * LOW HITPOINT WARNING * * *
You feel sick. You block the worker ant's attack.
The orc hits you but does no damage.
The worker ant bites you but does no damage.
The orc hits you but does no damage.
You hit the orc. Your headbutt misses the orc.
The orc is heavily wounded.
You die...

....... * ....... * *
....... #### .......*
, ...## ....>.. *
*...# #...
.......#####*#..#
#.#.
..>.....a..###..#
###.#. , **
#@o.......###...#.
#oo...............
#..†.##.....#..... *
#.$....###...........
* #......#
##.#<....... #......#
#########.. *
#......#* .. ,
......... ,, ..
,......... ..


You could see a worker ant and 3 orcs.

Vanquished Creatures
  A hornet (D:8)
  A steam dragon (D:7)
  2 ice beasts
  An orc warrior (D:6)
  A phantom (D:3)
  3 ogres
  2 centaurs
  A big kobold (D:3)
  2 bullfrogs (D:6)
  A scorpion (D:7)
  4 howler monkeys
  2 crimson imps
  A centaur zombie (D:6)
  2 hounds
  A quasit (D:7)
  Crazy Yiuf (D:6)
  2 jellies
  3 orc priests
  2 iguanas (D:6)
  An orc wizard (D:7)
  2 worker ants
  A worker ant zombie (D:5)
  5 howler monkey skeletons
  4 gnolls
  11 adders
  A shadow imp (D:8)
  An adder zombie (D:5)
  An adder skeleton (D:7)
  2 worms
  A dart slug (D:1)
  3 leopard geckos
  13 orcs
  5 giant cockroaches
  6 goblins (D:1)
  3 hobgoblins
  2 jackals (D:1)
  2 quokkas
  A ball python (D:5)
  A ball python skeleton (D:5)
  7 bats
  4 frilled lizards
  A jackal skeleton (D:4)
  7 kobolds
  8 rats
126 creatures vanquished.

Vanquished Creatures (others)
  2 adders (D:7)
  5 toadstools (D:1)
7 creatures vanquished.

Grand Total: 133 creatures vanquished

Notes
Turn   | Place    | Note
-------+----------+-------------------------------------------
     0 | D:1      | HAL9000 the Minotaur Fighter began the quest for the Orb.
     0 | D:1      | Reached XP level 1. HP: 19/19 MP: 0/0
    89 | D:1      | Reached XP level 2. HP: 26/26 MP: 1/1
   191 | D:1      | Reached skill level 3 in Long Blades
   504 | D:1      | Reached XP level 3. HP: 31/31 MP: 2/2
   672 | D:2      | Reached skill level 4 in Long Blades
   672 | D:2      | Reached XP level 4. HP: 38/39 MP: 3/3
  1309 | D:4      | Noticed a big kobold
  1309 | D:4      | Noticed a phantom
  1359 | D:3      | Reached skill level 5 in Shields
  1455 | D:3      | Found a faded altar of an unknown god.
  1673 | D:3      | Killed a phantom
  1673 | D:3      | Reached skill level 5 in Long Blades
  1673 | D:3      | Reached XP level 5. HP: 28/45 MP: 4/4
  1790 | D:3      | Reached skill level 6 in Long Blades
  1885 | D:3      | Reached XP level 6. HP: 41/51 MP: 5/5
  1965 | D:4      | Reached skill level 7 in Long Blades
  2405 | D:4      | Reached XP level 7. HP: 4/57 MP: 6/6
  2406 | D:4      | Reached skill level 8 in Long Blades
  2792 | D:4      | Found a runed translucent door.
  2792 | D:4      | Noticed qqmash's ghost (amateur MiBe)
  2889 | D:5      | Entered Level 5 of the Dungeon
  3644 | D:6      | Reached skill level 9 in Long Blades
  3796 | D:6      | Reached XP level 8. HP: 38/64 MP: 7/7
  4062 | D:6      | Found a blossoming altar of Fedhas.
  4071 | D:6      | Found a sacrificial altar of Ru.
  4301 | D:6      | Reached skill level 10 in Long Blades
  4529 | D:6      | Found a runed translucent door.
  4530 | D:6      | Noticed Crazy Yiuf
  4536 | D:6      | Killed Crazy Yiuf
  5165 | D:7      | Reached skill level 11 in Long Blades
  5818 | D:7      | Found a staircase to the Ecumenical Temple.
  5878 | D:7      | Reached XP level 9. HP: 70/70 MP: 8/8
  6003 | D:8      | Noticed a two-headed ogre
  6029 | D:8      | Gained mutation: You possess an exceptional clarity of
                  | mind. [potion of mutation]
  6029 | D:8      | Gained mutation: You passively map a small area around you.
                  | [potion of mutation]
  6029 | D:8      | Gained mutation: You are partially covered in iridescent
                  | scales. (AC +2) [potion of mutation]
  6031 | D:8      | Reached skill level 12 in Long Blades
  6031 | D:8      | HP: 2/70 [poisoned by a hornet]
  6032 | D:8      | Succumbed to a hornet's poison

Levels and vault maps discovered:
D:1:      ldierk_walled_garden, layout_loops_ring
D:2:      layout_loops_cross
D:3:      layout_basic, chequers_ecumenical_altar_twisty
D:4:      layout_basic, ebering_ghost_reflecting_pool,
          eino_small_chamber_without_monster
D:5:      layout_basic, first_ration
D:6:      layout_loops_cross, amethyst_overflow_temple_binary,
          minmay_checkerbox, uniq_crazy_yiuf_cottage
D:7:      layout_rooms, minmay_temple_entry_from_below_a
D:8:      cheibrodos_wizards_tower, layout_rooms, serial_shops,
          nicolae_shop_crystal, nicolae_shop_statue_plus, nicolae_shop_crystal,
          special_room [special_room_kobold], serial_corexii_hall,
          chequers_hall_statues_corner_a, chequers_hall_statues_wall_a,
          chequers_hall_statues_y, the_bakery

Skill      XL: |  1  2  3  4  5  6  7  8  9 |
---------------+----------------------------+-----
Shields        | 4 5 6 7 8 9 |  9.0
Long Blades    | 3 4 5 6 7 9 11 12 | 12.0
Fighting       | |  3.6
Armour         | |  3.6

Action                   |  1- 3 |  4- 6 |  7- 9 || total
-------------------------+-------+-------+-------++-------
Melee: Long sword        |    69 |   122 |   237 ||   428
       Headbutt          |     3 |    22 |    57 ||    82
  Use: Scroll            |       |       |     8 ||     8
       Potion            |       |       |     1 ||     1
  Eat: Chunk             |       |     5 |     7 ||    12
       Ration            |       |       |     1 ||     1
Armor: Scale mail        |    32 |    55 |   114 ||   201
Dodge: Dodged            |    19 |    32 |    78 ||   129
Block: Shield            |    31 |    69 |   162 ||   262
       Rpst.: Long sword |     5 |    11 |    23 ||    39

Table legend:
 A = Non-vault XP
 B = Vault XP
 C = Vault XP percentage of total XP
 D = Non-vault monster count
 E = Vault monster count
 F = Vault count percentage of total count
                 A         B        C        D         E       F
            +---------+---------+-------+---------+---------+-------
      Total |    3007 |     256 |   7.8 |     122 |       4 |   3.2
            +---------+---------+-------+---------+---------+-------
        D:1 |      47 |       0 |   0.0 |      29 |       0 |   0.0
        D:2 |      97 |       0 |   0.0 |      12 |       0 |   0.0
        D:3 |     339 |       0 |   0.0 |      11 |       0 |   0.0
        D:4 |     373 |       0 |   0.0 |      16 |       0 |   0.0
        D:5 |     313 |       0 |   0.0 |       9 |       0 |   0.0
        D:6 |     676 |     256 |  27.5 |      24 |       4 |  14.3
        D:7 |     888 |       0 |   0.0 |      18 |       0 |   0.0
        D:8 |     274 |       0 |   0.0 |       3 |       0 |   0.0
            +---------+---------+-------+---------+---------+-------
